 Dungeon Sprint DCSS version 0.19.1 (webtiles) character file.

632 KingBobo974 the Covert (level 7, -1/49 HPs)
             Began as a Spriggan Assassin on Dec 10, 2016.
             Was an Initiate of Dithmenos.
             Slain by a centaur warrior (9 damage)
             ... in the Dungeon (Sprint I: "Red Sonja").
             The game lasted 00:03:09 (338 turns).

KingBobo974 the Covert (Spriggan Assassin)           Turns: 338, Time: 00:03:10

Health: -1/49      AC:  3    Str: 12    XL:     7   Next: 24%
Magic:  8/8        EV: 30    Int: 13    God:    Dithmenos [......]
Gold:   297        SH:  0    Dex: 19    Spells: 0 memorised, 6 levels left

rFire  . . .     SeeInvis +     a - +2 dagger
rCold  . . .     Gourm    .     c - +0 robe
rNeg   . . .     Faith    .     (shield restricted)
rPois  .         Spirit   .     (helmet restricted)
rElec  .         Reflect  .     d - +0 cloak
rCorr  .         Harm     .     (gloves unavailable)
MR     +....     NoTele   +     (boots unavailable)
Stlth  ..........               (no amulet)
                                (no ring)
                                (no ring)

@: berserking, very quick
A: unfitting armour, see invisible, herbivore 3, speed 3, slow metabolism 2
a: Renounce Religion


You were in the Dungeon.
You worshipped Dithmenos.
Dithmenos was noncommittal.
You were not hungry.

You visited 1 branch You collected 297 gold pieces.

Inventory:

Hand Weapons
 a - a +2 dagger (weapon)
 b - a +0 blowgun
Missiles
 e - 8 poisoned needles
 f - 2 curare-tipped needles
Armour
 c - a +0 robe (worn)
 d - a +0 cloak (worn)
Scrolls
 m - a scroll of blinking
Potions
 h - a potion of curing
 i - a potion of heal wounds
 j - a potion of haste
 k - 2 potions of magic
Comestibles
 g - a bread ration


   Skills:
 - Level 1.5 Fighting
 * Level 10.1 Short Blades
 - Level 2.0 Throwing
 * Level 12.6 Dodging
 * Level 14.5 Stealth


You had 6 spell levels left.
You didn't know any spells.

Dungeon Overview and Level Annotations

Branches:
Dungeon (1/1)

Altars:
Cheibriados
Dithmenos
Elyvilon
Fedhas
Gozag
Hepliaklqana
Kikubaaqudgha
Makhleb
Nemelex Xobeh
Okawaru
Qazlal
Ru
Sif Muna
Trog
Uskayaw
Vehumet
Xom
Yredelemnul
Zin
The Shining One
Jiyva
Lugonu

Shops:
D =


Innate Abilities, Weirdness & Mutations

You are very small and have problems with some larger weapons.
You are too small for most types of armour.
You have supernaturally acute eyesight. (SInv)
You are a herbivore.
You cover ground extremely quickly.
You need consume almost no food.


Message History

A red film seems to cover your vision as you go berserk!
You feel yourself moving faster!
You feel mighty!
The centaur warrior shoots an arrow.
The arrow closely misses you.
The centaur warrior shoots an arrow.
The arrow misses you.
You are too injured to fight recklessly!
You are too injured to fight recklessly!
You are too injured to fight recklessly!
You are too injured to fight recklessly!
You are too injured to fight recklessly!
You hit the centaur warrior.
The centaur warrior is lightly wounded.
You puncture the centaur warrior!
The centaur warrior is moderately wounded.
You puncture the centaur warrior!
The centaur warrior is heavily wounded.
You closely miss the centaur warrior.
The centaur warrior is heavily wounded.
The centaur warrior unwields an uncursed shortbow.
The centaur warrior hits you!
You die...

###################
#<.#..'..#.)'..#__#
#..'..#.)'..#..'^.+
#..#####'#####'#__####
#..####..#...#)####?§#
#..#__####..##)#≈§§§§#
#..#_____##'#.c'§c§§§+
#⌠⌠#_.∩..†'...@#§≈§§.#
####_..__##_.#+##+####
#_____###+# #######


You could see 2 centaur warriors.

Vanquished Creatures
  A slime creature (D)
  Sigmund (D)
  A yak (D)
  An ogre (D)
  A jelly (D)
  Ijyb (D)
6 creatures vanquished.

Notes
Turn   | Place    | Note
-------+----------+-------------------------------------------
     0 | D        | KingBobo974 the Spriggan Assassin began the quest for the Orb.
     0 | D        | Reached XP level 1. HP: 10/10 MP: 2/2
     2 | D        | Noticed Ijyb
     5 | D        | Killed Ijyb
     5 | D        | Reached skill level 7 in Stealth
     5 | D        | Reached XP level 2. HP: 14/14 MP: 3/3
     8 | D        | Noticed an ogre
    11 | D        | Killed an ogre
    11 | D        | Reached skill level 10 in Stealth
    11 | D        | Reached XP level 3. HP: 18/18 MP: 4/4
    11 | D        | Reached XP level 4. HP: 22/22 MP: 5/5
    21 | D        | Noticed Sigmund
    67 | D        | Killed Sigmund
    67 | D        | Reached skill level 10 in Dodging
    67 | D        | Reached skill level 12 in Stealth
    67 | D        | Reached XP level 5. HP: 10/25 MP: 6/6
   253 | D        | Found a deep blue altar of Sif Muna.
   255 | D        | Found a radiant altar of Vehumet.
   259 | D        | Reached XP level 6. HP: 30/30 MP: 7/7
   280 | D        | Found Vuast's Jewellery Emporium.
   280 | D        | Found an ancient bone altar of Kikubaaqudgha.
   280 | D        | Found a hazy altar of Hepliaklqana.
   280 | D        | Found a stormy altar of Qazlal.
   280 | D        | Found a hide-covered altar of Uskayaw.
   280 | D        | Found a blossoming altar of Fedhas.
   280 | D        | Found a bloodstained altar of Trog.
   280 | D        | Found an iron altar of Okawaru.
   280 | D        | Found a basalt altar of Yredelemnul.
   280 | D        | Found a glowing golden altar of the Shining One.
   280 | D        | Found a snail-covered altar of Cheibriados.
   280 | D        | Found a sacrificial altar of Ru.
   280 | D        | Found a glowing silver altar of Zin.
   280 | D        | Found a shadowy altar of Dithmenos.
   280 | D        | Found a white marble altar of Elyvilon.
   280 | D        | Noticed a yak
   281 | D        | Found an opulent altar of Gozag.
   282 | D        | Killed a yak
   282 | D        | Reached skill level 13 in Stealth
   283 | D        | Found a sparkling altar of Nemelex Xobeh.
   291 | D        | Became a worshipper of Dithmenos the Shadowed
   309 | D        | Found a burning altar of Makhleb.
   309 | D        | Found a viscous altar of Jiyva.
   309 | D        | Found a shimmering altar of Xom.
   309 | D        | Found a corrupted altar of Lugonu.
   309 | D        | Noticed a slime creature
   312 | D        | Killed a slime creature
   312 | D        | Reached skill level 10 in Short Blades
   312 | D        | Reached skill level 14 in Stealth
   312 | D        | Reached XP level 7. HP: 33/33 MP: 8/8
   323 | D        | Noticed a centaur warrior
   327 | D        | Noticed a centaur warrior
   338 | D        | Slain by a centaur warrior

Skill      XL: |  1  2  3  4  5  6 |
---------------+-------------------+-----
Short Blades   | 4 6 8 10 | 10.1
Dodging        | 4 7 10 12 | 12.6
Stealth        | 7 10 12 14 | 14.5
Fighting       | |  1.5
Throwing       | |  2.0

Action                   |  1- 3 |  4- 6 |  7- 9 || total
-------------------------+-------+-------+-------++-------
Melee: Dagger            |     2 |    47 |     6 ||    55
  Use: Potion            |       |       |     1 ||     1
 Stab: Sleeping          |     2 |     3 |       ||     5
Dodge: Dodged            |       |    15 |     6 ||    21
